AoeStats
← Ts1ba

Arabia

509427731Analyzed
1v1 RM · 6d ago on Sep 26, 2026· 26m 9s· 2 players
Game mode
Random Map
Map size
Tiny (2 player)
Population
200
Speed
Normal
Resources
Standard
Victory
Conquest
Starting age
Dark Age
Ending age
Imperial Age
RankedLock teamsTeams togetherTeam positionsShared explorationLock speedFull tech treeHidden civsTurbo modeCheats
Victory
Defeat
🇮🇳 Celts · India
985
+17
🇬🇪 Vikings · Georgia
1006
-17
Vikky_[_X_]_Martel
9:28 Loom
11:35 Feudal Age
13:06 Double-Bit Axe
17:49 Castle Age
16:08 Gold Mining
16:07 Town Watch
23:56 Bow Saw
Ts1ba
9:57 Feudal Age
11:53 Double-Bit Axe
12:04 Gold Mining
12:00 Horse Collar
19:08 Castle Age
17:20 Stone Mining
18:38 Arson
19:01 Gold Mining
Connection lost

Rejoining the realm…

Still unreachable

The connection could not be restored.

Session expired

The server has moved on; the page needs a fresh start.